cohdb
Replays
Latest Replays
All Replays
Popular Replays
Top Player Replays
Match Explorer
How It Works
Community
CoH3 Stats
Reddit
Sign in to upload your games and track your stats! →
Sign in with Steam
funtimes
Match 23387572
Overview
Messages
Build Orders
End
Kettenkrad Recon Vehicle
Construct Infanterie Kompanie
Grenadier Squad
MG 42 Machine Gun Team
GrW 34 Mortar Team
Grenadier Squad
Construct Panzergrenadier Kompanie
Panzergrenadier Squad
251 Medium Carrier
Pioneer Squad
Construct Panzer Kompanie
Pak 40 Anti-tank Gun Team
Sturmpanzer IV Brummbär
Pioneer Squad
Stoßtruppen Squad
Selects Breakthrough Battlegroup
Selects Rapid Production
Selects Blitzkrieg
Stoßtruppen Squad
Stoßtruppen Squad
Support Elements
AI Takeover
WDNMD
Denis
Raider
Porkie yo MAMA
a Tigger
asdfdude
0
0
Comments
sign in to comment!
No comments posted yet!